 Dungeon Sprint DCSS version 0.17-a0-1210-g1e4f09d (webtiles) character file.

44800 Kidiri the Imperceptible (level 13, -2/77 HPs)
             Began as a Spriggan Assassin on June 3, 2015.
             Was the Champion of Dithmenos.
             Slain by a profane servitor
             ... wielding a +3 whip
              (16 damage)
             ... in the Dungeon (Sprint VII: "The Pits").
             The game lasted 01:12:30 (9280 turns).

Kidiri the Imperceptible (Spriggan Assassin)        Turns: 9280, Time: 01:12:30

Health: -2/77      AC:  9    Str:  7    XL:     13   Next: 98%
Magic:  26/26      EV: 52    Int: 13    God:    Dithmenos [******]
Gold:   11         SH:  0    Dex: 27    Spells: 1 memorised, 26 levels left

rFire  . . .     SeeInvis +     w - +2 rapier (drain)
rCold  . . .     Rnd*Rage +     N - +2 robe
rNeg   . . .     SustAt   .     (shield restricted)
rPois  .         Gourm    .     y - +2 hat
rElec  .         Spirit   .     d - +2 cloak
rCorr  .         Warding  .     (gloves unavailable)
rMut   .         NoTele   +     (boots unavailable)
MR     ++...                    (no amulet)
Stlth  ++++++++++               t - +3 ring of evasion
                                s - +3 ring of evasion

@: agile, very slightly contaminated, hasted, wreathed by umbra, studying
Throwing, very quick, very resistant to hostile enchantments, uncannily stealthy
A: unfitting armour, see invisible, berserk 1, blink 1, herbivore 3, speed 3,
screaming 1, slow healing 1, slow metabolism 2
a: Blink, Shadow Step, Shadow Form, Renounce Religion


You were in the Dungeon.
You worshipped Dithmenos.
Dithmenos was exalted by your worship.
You were full.

You visited 1 branch You collected 11 gold pieces.

Inventory:

Hand weapons
 a - a +2 dagger
 b - a +2 blowgun
 f - the +1 scythe of Checks and Balances {freeze, Str+5 Dex+4}
   (You took it off a deep elf fighter in the Dungeon)

   It has been specially enchanted to freeze those struck by it, causing extra
   injury to most foes and up to half again as much damage against particularly
   susceptible opponents.
   It can also slow down cold-blooded creatures.
   It affects your strength (+5).
   It affects your dexterity (+4).
 w - a +2 rapier of draining (weapon)
Missiles
 e - 15 poisoned needles
 x - 6 tomahawks (quivered)
 R - a curare-tipped needle
Armour
 c - a +1 robe
 d - a +2 cloak (worn)
 y - a +2 hat (worn)
 K - a +0 troll leather armour
 N - a +2 robe (worn)
Jewellery
 s - a +3 ring of evasion (left hand)
 t - a +3 ring of evasion (right hand)
 H - an uncursed ring of protection from cold
 I - the ring "Aloakk" {+Inv rF+ Dex+3 Slay-5 SInv}
   (You found it in the Dungeon)

   [ring of protection from fire]

   It affects your dexterity (+3).
   It affects your accuracy and damage with ranged weapons and melee attacks
   (-5).
   It protects you from fire.
   It lets you see invisible.
   It lets you turn invisible.
Scrolls
 m - 2 scrolls of blinking
 p - 4 scrolls of remove curse
 q - 6 scrolls of amnesia
 r - a scroll of summoning
 z - 2 scrolls of fear
 B - a scroll of identify
 D - a scroll of recharging
 F - 2 scrolls of fog
Potions
 h - 9 potions of curing
 k - 4 potions of magic
 l - 3 potions of berserk rage
 o - 2 potions of invisibility
 u - 3 potions of brilliance
 v - 3 potions of agility
 A - 2 potions of flight {unknown}
 C - a potion of resistance
Books
 G - a book of Dreams

   Spells                             Type                      Level
   a - Ensorcelled Hibernation        Hexes/Ice                    2
   b - Phase Shift                    Translocation                5
   c - Shadow Creatures               Summoning                    5
   d - Silence                        Hexes/Air                    5
   e - Mass Confusion                 Hexes                        6
   f - Darkness                       Hexes                        7
 J - a book of Party Tricks

   Spells                             Type                      Level
   a - Summon Butterflies             Summoning                    1
   b - Apportation                    Translocation                1
   c - Tukima's Dance                 Hexes                        3
   d - Alistair's Intoxication        Transmutation/Poison         4
   e - Invisibility                   Hexes                        6
 L - the Guide on the Traveller
   (You found it in the Dungeon)

   Spells                             Type                      Level
   a - Apportation                    Translocation                1
   b - Control Teleport               Charms/Translocation         4
   c - Summon Forest                  Summoning/Translocation      5
 O - the Collected Works on Lethal Confrontation
   (You found it in the Dungeon)

   Spells                             Type                      Level
   a - Corpse Rot                     Necromancy                   2
   b - Regeneration                   Charms/Necromancy            3
   c - Fulminant Prism                Conjuration/Hexes            4
   d - Bolt of Magma                  Conjuration/Fire/Earth       5
   e - Venom Bolt                     Conjuration/Poison           5
 P - a manual of Throwing
 Q - a book of the Earth

   Spells                             Type                      Level
   a - Leda's Liquefaction            Hexes/Earth                  4
   b - Bolt of Magma                  Conjuration/Fire/Earth       5
   c - Statue Form                    Transmutation/Earth          6
   d - Iron Shot                      Conjuration/Earth            6
   e - Shatter                        Earth                        9
Comestibles
 g - 9 bread rations
 n - 40 fruits
 E - 6 royal jellies


   Skills:
 * Level 13.4 Fighting
 * Level 16.8 Short Blades
 * Level 18.0 Throwing
 * Level 20.4 Dodging
 * Level 22.7 Stealth
 + Level 8.1 Spellcasting
 + Level 8.0 Hexes
 + Level 5.2 Ice Magic
 + Level 11.3 Invocations
 + Level 8.7 Evocations


You had 26 spell levels left.
You knew the following spells:

 Your Spells              Type           Power        Failure   Level  Hunger
a - Ensorcelled Hibernat  Hex/Ice        ###...       1%          2    None


Dungeon Overview and Level Annotations

Branches:
Dungeon (1/1)

Altars:
Ashenzari
Cheibriados
Dithmenos
Elyvilon
Fedhas
Gozag
Kikubaaqudgha
Makhleb
Nemelex Xobeh
Okawaru
Qazlal
Ru
Sif Muna
Trog
Vehumet
Xom
Yredelemnul
Zin
The Shining One
Beogh
Jiyva
Lugonu


Innate Abilities, Weirdness & Mutations

You are tiny and cannot use many weapons and most armour.
You have supernaturally acute eyesight.
You are a herbivore.
You cover ground extremely quickly.
You need consume almost no food.
You tend to lose your temper in combat.
You can translocate small distances at will.
You occasionally shout uncontrollably at your foes.
You heal slowly when monsters are visible.


Message History

The deep elf knight completely misses you.
The profane servitor completely misses you.
The profane servitor closely misses you.
You hit the profane servitor.
The profane servitor is heavily damaged.
The deep elf knight hits you with a short sword!
* * * LOW HITPOINT WARNING * * *
You puncture the profane servitor!
The profane servitor is heavily damaged.
Your shadow barely misses the profane servitor.
The profane servitor completely misses you. x2
You hit the profane servitor but do no damage.
The profane servitor is heavily damaged.
You hit the profane servitor but do no damage.
The profane servitor is heavily damaged.
The deep elf knight completely misses you.
You puncture the profane servitor!
The profane servitor is severely damaged.
The profane servitor hits you with an enchanted whip!
You die...

.....)).)...##.#.)'.##§.#########
....[.))....##.'.}#.##§§# #
#++###########.#.['.##§§# #
#++###########.'.[#.##§§# #
..).....##..##.##'#.##§§# #
.#...)).##..##......##).# #
........''..##########.§# #
........''..##########..# ..
.#......##).....@A.§§...# #.#
........##.......e§§§§..# ...#
#++###################### ### #
#++# ##### ######## #############
#)[###...###.)%)..# #...........'
#...##...##..##...###...........#
##...##'##..###...'.##.........##
##..........##...#..###.....####
##..###'###...##'##...###...###..


You could see a profane servitor and a deep elf knight.

Vanquished Creatures
  A profane servitor (D)
  Gastronok (D)
  A fire giant (D)
  A greater naga (D)
  An emperor scorpion (D)
  2 orc warlords (D)
  A mottled draconian (D)
  A merfolk impaler (D)
  A vault guard (D)
  2 hydras (D)
  A naga warrior (D)
  Erica (D)
  A catoblepas (D)
  A merfolk avatar (D)
  Erolcha (D)
  An anaconda (D)
  A vampire mage (D)
  2 orc high priests (D)
  A sun demon (D)
  2 deep elf knights (D)
  An iron troll (D)
  2 fire crabs (D)
  2 sea snakes (D)
  A swamp dragon (D)
  A spriggan druid (D)
  A lindwurm (D)
  11 orc knights (D)
  2 hill giants (D)
  An ugly thing (D)
  A wizard (D)
  2 eyes of devastation (D)
  2 elephants (D)
  A rust devil (D)
  A spiny frog (D)
  2 fire drakes (D)
  2 yaktaurs (D)
  An efreet (D)
  A komodo dragon (D)
  A red devil (D)
  2 demonic crawlers (D)
  A deep elf priest (D)
  A wind drake (D)
  3 trolls (D)
  A polar bear (D)
  A two-headed ogre (D)
  A giant leech (D)
  4 merfolk (D)
  A polar bear (shapeshifter) (D)
  A jumping spider (D)
  A raven (D)
  A snapping turtle (D)
  4 blink frogs (D)
  A tarantella (D)
  Sigmund (D)
  A trapdoor spider (D)
  5 redbacks (D)
  2 spriggans (D)
  A fire bat (D)
  A wraith (D)
  A vampire (D)
  2 hippogriffs (D)
  A steam dragon (D)
  A hungry ghost (D)
  3 deep elf fighters (D)
  A soldier ant (D)
  7 wolves (D)
  A swamp drake (D)
  2 wasps (D)
  An ogre (D)
  5 orc warriors (D)
  2 brain worms (D)
  A scorpion (D)
  6 killer bees (D)
  A crimson imp (D)
  A jelly (D)
  A quasit (D)
  Ijyb (D)
  An orc priest (D)
  2 orc wizards (D)
  A hell rat (D)
  11 sheep (D)
  2 worker ants (D)
  2 gnolls (D)
  An ufetubus (D)
  2 oozes (D)
  An adder zombie (D)
  A worm (D)
  12 orcs (D)
  A ball python (D)
  A bat skeleton (D)
  A hobgoblin (D)
  A quokka (D)
  A giant cockroach (D)
  A giant gecko skeleton (D)
  A giant newt (D)
  A kobold (D)
176 creatures vanquished.

Vanquished Creatures (others)
  A storm dragon (D)
  A death ooze (D)
  A death knight (D)
  2 soul eaters (D)
  A swamp dragon (D)
  2 moths of wrath (D)
  A bat skeleton (D)
  A bat (D)
10 creatures vanquished.

Grand Total: 186 creatures vanquished

Notes
Turn   | Place    | Note
--------------------------------------------------------------
     0 | D        | Kidiri the Spriggan Assassin began the quest for the Orb.
     0 | D        | Reached XP level 1. HP: 10/10 MP: 2/2
    18 | D        | Reached skill level 6 in Stealth
   145 | D        | Found a sacrificial altar of Ru.
   145 | D        | Found a basalt altar of Yredelemnul.
   145 | D        | Found a shadowy altar of Dithmenos.
   145 | D        | Found a deep blue altar of Sif Muna.
   145 | D        | Found a burning altar of Makhleb.
   145 | D        | Found a shimmering altar of Xom.
   145 | D        | Found an ancient bone altar of Kikubaaqudgha.
   145 | D        | Found a sparkling altar of Nemelex Xobeh.
   146 | D        | Found a glowing golden altar of the Shining One.
   146 | D        | Found a bloodstained altar of Trog.
   146 | D        | Found a shattered altar of Ashenzari.
   146 | D        | Found a white marble altar of Elyvilon.
   146 | D        | Found a snail-covered altar of Cheibriados.
   146 | D        | Found a blossoming altar of Fedhas.
   146 | D        | Found a radiant altar of Vehumet.
   146 | D        | Found a glowing silver altar of Zin.
   146 | D        | Found a corrupted altar of Lugonu.
   146 | D        | Found a viscous altar of Jiyva.
   146 | D        | Found a roughly hewn altar of Beogh.
   146 | D        | Found an iron altar of Okawaru.
   149 | D        | Became a worshipper of Dithmenos the Shadowed
   153 | D        | Found a stormy altar of Qazlal.
   153 | D        | Found an opulent altar of Gozag.
   171 | D        | Reached skill level 1 in Short Blades
   178 | D        | Reached XP level 2. HP: 6/15 MP: 3/3
   379 | D        | Reached skill level 1 in Invocations
   384 | D        | Killed a soul eater
   475 | D        | Killed a moth of wrath
   671 | D        | Noticed an orc wizard
   671 | D        | Noticed a worker ant
   688 | D        | Reached skill level 7 in Stealth
   705 | D        | Killed a worker ant
   705 | D        | Acquired Dithmenos's first power
   705 | D        | Reached XP level 3. HP: 15/19 MP: 3/5
   797 | D        | Killed an orc wizard
   797 | D        | Acquired Dithmenos's second power
   797 | D        | Reached skill level 5 in Dodging
   797 | D        | Reached skill level 8 in Stealth
   797 | D        | Reached XP level 4. HP: 15/24 MP: 6/6
   958 | D        | Noticed a jelly
   959 | D        | Noticed a quasit
   959 | D        | Noticed Ijyb
   959 | D        | Noticed a brain worm
   963 | D        | Noticed a worker ant
   966 | D        | Killed a brain worm
   966 | D        | Reached skill level 5 in Throwing
   966 | D        | Reached skill level 9 in Stealth
   966 | D        | Reached XP level 5. HP: 27/29 MP: 6/8
  1008 | D        | Killed a quasit
  1008 | D        | Reached skill level 5 in Short Blades
  1028 | D        | Killed a worker ant
  1042 | D        | Killed a jelly
  1042 | D        | Acquired Dithmenos's third power
  1042 | D        | Reached skill level 10 in Stealth
  1099 | D        | Killed Ijyb
  1099 | D        | Reached XP level 6. HP: 31/34 MP: 9/9
  1257 | D        | Killed a moth of wrath
  1270 | D        | Noticed a raven
  1272 | D        | Killed a raven
  1272 | D        | Reached skill level 5 in Fighting
  1272 | D        | Reached skill level 11 in Stealth
  1436 | D        | Noticed a wolf
  1436 | D        | Noticed Sigmund
  1436 | D        | Noticed a scorpion
  1436 | D        | Noticed an ogre
  1438 | D        | Killed an ogre
  1438 | D        | Reached XP level 7. HP: 39/39 MP: 11/11
  1445 | D        | Killed a scorpion
  1445 | D        | Acquired Dithmenos's fourth power
  1459 | D        | Killed Sigmund
  1459 | D        | Reached skill level 10 in Dodging
  1459 | D        | Reached skill level 12 in Stealth
  1484 | D        | Killed a death knight
  1489 | D        | Killed a wolf
  1514 | D        | Noticed an orc priest
  1514 | D        | Noticed a red devil
  1514 | D        | Noticed a redback
  1516 | D        | Killed an orc priest
  1518 | D        | Killed a red devil
  1518 | D        | Reached skill level 5 in Invocations
  1518 | D        | Reached XP level 8. HP: 43/45 MP: 7/12
  1551 | D        | Killed a redback
  1551 | D        | Reached skill level 13 in Stealth
  1787 | D        | Noticed a jumping spider
  1787 | D        | Noticed a brain worm
  1787 | D        | Noticed a merfolk avatar
  1789 | D        | Killed a merfolk avatar
  1789 | D        | Reached skill level 14 in Stealth
  1797 | D        | Killed a brain worm
  1797 | D        | Reached XP level 9. HP: 48/50 MP: 9/14
  1820 | D        | Killed a jumping spider
  1820 | D        | Reached skill level 10 in Throwing
  1856 | D        | Killed a death ooze
  1899 | D        | Noticed a wraith
  1901 | D        | Killed a wraith
  1901 | D        | Reached skill level 10 in Short Blades
  1932 | D        | Noticed a spriggan
  1934 | D        | Noticed a fire drake
  1935 | D        | Killed a spriggan
  1937 | D        | Killed a fire drake
  2044 | D        | Noticed an eye of devastation
  2044 | D        | Noticed a wasp
  2046 | D        | Killed an eye of devastation
  2046 | D        | Reached skill level 15 in Stealth
  2047 | D        | Killed a wasp
  2096 | D        | Noticed a two-headed ogre
  2096 | D        | Noticed a blink frog
  2096 | D        | Noticed a blink frog
  2096 | D        | Noticed a blink frog
  2097 | D        | Noticed a blink frog
  2109 | D        | Killed a two-headed ogre
  2113 | D        | Killed a blink frog
  2136 | D        | Killed a blink frog
  2158 | D        | Killed a blink frog
  2158 | D        | Reached XP level 10. HP: 37/57 MP: 16/16
  2171 | D        | Killed a blink frog
  2295 | D        | Noticed a sea snake
  2295 | D        | Noticed a swamp drake
  2297 | D        | Killed a swamp drake
  2298 | D        | Killed a sea snake
  2298 | D        | Reached skill level 16 in Stealth
  2351 | D        | Noticed a steam dragon
  2351 | D        | Noticed a polar bear
  2353 | D        | Killed a steam dragon
  2355 | D        | Killed a polar bear
  2382 | D        | Noticed a demonic crawler
  2382 | D        | Noticed a fire bat
  2382 | D        | Noticed a killer bee
  2382 | D        | Noticed a killer bee
  2382 | D        | Noticed a killer bee
  2382 | D        | Noticed a killer bee
  2382 | D        | Noticed a killer bee
  2382 | D        | Noticed a killer bee
  2384 | D        | Killed a demonic crawler
  2385 | D        | Killed a fire bat
  2386 | D        | Killed a killer bee
  2387 | D        | Killed a killer bee
  2400 | D        | Killed a killer bee
  2404 | D        | Killed a killer bee
  2411 | D        | Killed a killer bee
  2414 | D        | Killed a killer bee
  2445 | D        | Killed a soul eater
  2631 | D        | Noticed a profane servitor
  2633 | D        | Noticed a polar bear
  2633 | D        | Noticed a troll
  2634 | D        | Killed a profane servitor
  2634 | D        | Reached skill level 10 in Fighting
  2634 | D        | Reached skill level 15 in Dodging
  2634 | D        | Reached skill level 17 in Stealth
  2634 | D        | Reached XP level 11. HP: 61/63 MP: 12/18
  2635 | D        | Killed a troll
  2638 | D        | Killed a polar bear
  2680 | D        | Noticed a wolf
  2680 | D        | Noticed a wolf
  2680 | D        | Noticed a wolf
  2680 | D        | Noticed a wolf
  2680 | D        | Noticed a troll
  2680 | D        | Noticed a crimson imp
  2680 | D        | Noticed a hungry ghost
  2680 | D        | Noticed a demonic crawler
  2680 | D        | Noticed an orc wizard
  2683 | D        | Noticed a wolf
  2684 | D        | Noticed a troll
  2685 | D        | Noticed a spriggan rider
  2686 | D        | Noticed an orc warrior
  2688 | D        | Noticed an elephant
  2688 | D        | Noticed an orc high priest
  2692 | D        | Noticed an orc warrior
  2700 | D        | Killed a hungry ghost
  2703 | D        | Noticed Gastronok
  2710 | D        | Killed a wolf
  2734 | D        | Killed a wolf
  2753 | D        | Killed a demonic crawler
  2753 | D        | Reached skill level 18 in Stealth
  2757 | D        | Killed a wolf
  2761 | D        | Killed a wolf
  2771 | D        | Killed a spriggan
  2777 | D        | Killed a wasp
  2905 | D        | Killed a swamp dragon
  2945 | D        | Killed a wolf
  2952 | D        | Noticed a wolf
  2961 | D        | Gained mutation: You heal slowly when monsters are visible. [a neqoxec]
  2966 | D        | Killed an orc high priest
  2979 | D        | Killed a wolf
  3034 | D        | Killed an orc wizard
  3138 | D        | Killed a troll
  3244 | D        | Noticed an orc warrior
  3263 | D        | Killed an elephant
  3266 | D        | Noticed an orc warrior
  3278 | D        | Killed an orc warrior
  3286 | D        | Noticed an orc high priest
  3287 | D        | Noticed an ice devil
  3295 | D        | Killed an orc warrior
  3335 | D        | Killed an orc high priest
  3352 | D        | Killed an orc warrior
  3382 | D        | Killed a troll
  3432 | D        | Killed a crimson imp
  3438 | D        | Killed an orc warrior
  3491 | D        | Killed Gastronok
  3491 | D        | Reached skill level 19 in Stealth
  3508 | D        | Noticed an orc warrior
  3513 | D        | Killed an orc warrior
  3618 | D        | Learned a level 2 spell: Ensorcelled Hibernation
  3631 | D        | Gained mutation: You tend to lose your temper in combat. [potion of mutation]
  3631 | D        | Gained mutation: You can translocate small distances at will. [potion of mutation]
  3631 | D        | Gained mutation: You occasionally shout uncontrollably at your foes. [potion of mutation]
  3638 | D        | Got the ring "Aloakk" {+Inv rF+ Dex+3 Slay-5 SInv}
  3729 | D        | Noticed a soldier ant
  3743 | D        | Killed a soldier ant
  3881 | D        | Noticed a sun demon
  3881 | D        | Noticed a hill giant
  3887 | D        | Noticed Erica
  3888 | D        | Killed a sun demon
  3888 | D        | Reached skill level 1 in Spellcasting
  3888 | D        | Reached skill level 1 in Hexes
  3888 | D        | Reached skill level 1 in Evocations
  3889 | D        | Killed a hill giant
  3892 | D        | Killed Erica
  3892 | D        | Reached skill level 1 in Ice Magic
  3892 | D        | Reached XP level 12. HP: 70/70 MP: 14/20
  3935 | D        | Noticed Erolcha
  3936 | D        | Noticed a wind drake
  3937 | D        | Killed Erolcha
  3940 | D        | Killed a wind drake
  3971 | D        | Noticed a cyan ugly thing
  3973 | D        | Noticed an elephant
  3976 | D        | Killed a cyan ugly thing
  3979 | D        | Killed an elephant
  4003 | D        | Noticed an efreet
  4006 | D        | Noticed a greater naga
  4048 | D        | Killed an efreet
  4085 | D        | Killed a greater naga
  4085 | D        | Reached skill level 20 in Stealth
  4545 | D        | Noticed a spiny frog
  4545 | D        | Noticed a redback
  4545 | D        | Noticed a redback
  4545 | D        | Noticed a redback
  4545 | D        | Noticed a redback
  4545 | D        | Noticed a fire giant
  4545 | D        | Noticed a naga warrior
  4557 | D        | Killed a spiny frog
  4575 | D        | Killed a fire giant
  4581 | D        | Killed a redback
  4588 | D        | Killed a redback
  4589 | D        | Killed a redback
  4592 | D        | Killed a redback
  4693 | D        | Killed a naga warrior
  4693 | D        | Reached skill level 15 in Throwing
  4693 | D        | Reached skill level 10 in Invocations
  4724 | D        | Identified the Guide on the Traveller (You found it in the Dungeon)
  4998 | D        | Noticed a fire crab
  4998 | D        | Noticed a tarantella
  4998 | D        | Noticed an anaconda
  4998 | D        | Noticed a yaktaur
  4998 | D        | Noticed a catoblepas
  4998 | D        | Noticed a deep elf fighter
  4999 | D        | Noticed a deep elf fighter
  5000 | D        | Killed a deep elf fighter
  5002 | D        | Noticed a rust devil
  5003 | D        | Killed a tarantella
  5007 | D        | Killed a rust devil
  5008 | D        | Noticed a vampire
  5009 | D        | Killed a fire crab
  5011 | D        | Noticed a deep elf priest
  5013 | D        | Noticed a yaktaur
  5013 | D        | Noticed a trapdoor spider
  5015 | D        | Noticed an iron troll
  5016 | D        | Noticed a snapping turtle
  5063 | D        | Noticed a vampire mage
  5063 | D        | Noticed a hill giant
  5064 | D        | Noticed a deep elf fighter
  5075 | D        | Identified the +1 scythe of Checks and Balances {freeze, Str+5 Dex+4}
  5080 | D        | Noticed a hell rat
  5562 | D        | Killed a deep elf fighter
  5569 | D        | Noticed a mottled draconian
  5605 | D        | Killed a mottled draconian
  5605 | D        | Reached skill level 15 in Short Blades
  5621 | D        | Killed a deep elf priest
  5686 | D        | Noticed a hippogriff
  5702 | D        | Killed a yaktaur
  5702 | D        | Reached skill level 5 in Evocations
  5706 | D        | Killed a hippogriff
  5806 | D        | Killed a snapping turtle
  5838 | D        | Killed a hill giant
  5878 | D        | Killed an anaconda
  5878 | D        | Reached skill level 5 in Spellcasting
  5878 | D        | Reached skill level 5 in Hexes
  5898 | D        | Killed a vampire mage
  5985 | D        | Noticed a sea snake
  6009 | D        | Killed a sea snake
  6010 | D        | Noticed an emperor scorpion
  6084 | D        | Noticed a fire crab
  6105 | D        | Killed a fire crab
  6105 | D        | Reached skill level 21 in Stealth
  6105 | D        | Reached XP level 13. HP: 52/75 MP: 20/22
  6198 | D        | Killed a vampire
  6375 | D        | Identified the Collected Works on Lethal Confrontation (You found it in the Dungeon)
  6375 | D        | Identified the Collected Works on Lethal Confrontation (You found it in the Dungeon)
  6420 | D        | Killed an emperor scorpion
  6457 | D        | Killed a trapdoor spider
  6507 | D        | Killed a catoblepas
  6578 | D        | Killed a hell rat
  6624 | D        | Killed an iron troll
  6846 | D        | Noticed a merfolk
  6847 | D        | Noticed a giant leech
  6847 | D        | Noticed a merfolk
  6847 | D        | Noticed a merfolk
  6847 | D        | Noticed a merfolk
  6847 | D        | Noticed an orc knight
  6847 | D        | Noticed an orc knight
  6847 | D        | Noticed an orc knight
  6847 | D        | Noticed an orc knight
  6847 | D        | Noticed an orc knight
  6847 | D        | Noticed an orc warlord
  6847 | D        | Noticed an orc warlord
  6847 | D        | Noticed an orc knight
  6847 | D        | Noticed a spriggan druid
  6847 | D        | Noticed an orc knight
  6847 | D        | Noticed an orc knight
  6847 | D        | Noticed an orc knight
  6847 | D        | Noticed an orc knight
  6847 | D        | Noticed an orc knight
  6847 | D        | Noticed a wizard
  6848 | D        | Noticed a merfolk impaler
  6848 | D        | Noticed a deep elf knight
  6848 | D        | Noticed an orc knight
  6849 | D        | Noticed an eye of devastation
  6849 | D        | Noticed a vault guard
  6851 | D        | Noticed a deep elf knight
  6888 | D        | Noticed a lindwurm
  6992 | D        | Killed an orc knight
  7019 | D        | Killed an orc knight
  7032 | D        | Killed a deep elf fighter
  7110 | D        | Killed an orc knight
  7179 | D        | Killed an orc knight
  7188 | D        | Killed a giant leech
  7353 | D        | Killed an orc knight
  7358 | D        | Noticed a four-headed hydra
  7364 | D        | Killed a four-headed hydra
  7431 | D        | Killed a deep elf knight
  7458 | D        | Killed a deep elf knight
  7562 | D        | Killed a spriggan druid
  7571 | D        | Noticed a seven-headed hydra
  7627 | D        | Killed a seven-headed hydra
  7632 | D        | Killed an orc knight
  7800 | D        | Noticed a fire drake
  7805 | D        | Noticed a swamp dragon
  7806 | D        | Killed a fire drake
  7839 | D        | Killed a swamp dragon
  7845 | D        | Noticed a hippogriff
  7849 | D        | Killed a hippogriff
  8186 | D        | Killed an orc knight
  8186 | D        | Reached skill level 22 in Stealth
  8194 | D        | Killed an orc knight
  8216 | D        | Killed a vault guard
  8255 | D        | Killed an orc knight
  8352 | D        | Killed an eye of devastation
  8382 | D        | Killed a wizard
  8417 | D        | Killed a merfolk
  8551 | D        | Killed a merfolk impaler
  8564 | D        | Killed a merfolk
  8580 | D        | Killed a merfolk
  8680 | D        | Killed a merfolk
  8788 | D        | Killed a yaktaur
  8925 | D        | Killed an orc knight
  8925 | D        | Reached skill level 5 in Ice Magic
  8945 | D        | Noticed a komodo dragon
  8950 | D        | Killed a komodo dragon
  8993 | D        | Killed an orc warlord
  8994 | D        | Killed a storm dragon
  8996 | D        | Killed an orc warlord
  9012 | D        | Killed an orc knight
  9056 | D        | Noticed a lindwurm
  9061 | D        | Killed a lindwurm
  9194 | D        | Noticed a deep elf knight
  9204 | D        | Noticed a deep elf knight
  9204 | D        | Noticed a profane servitor
  9204 | D        | Noticed a deep elf knight
  9280 | D        | Slain by a profane servitor

Vault maps used:
D:        pitsprint

Action                   |  1- 3 |  4- 6 |  7- 9 | 10-12 | 13-15 || total
-------------------------+-------+-------+-------+-------+-------++-------
Melee: Dagger            |    50 |    51 |    52 |    21 |       ||   174
       Rapier            |       |       |    49 |   568 |   373 ||   990
 Fire: Blowgun           |     7 |    19 |    12 |    84 |    20 ||   142
Throw: Tomahawk          |       |       |       |    11 |    10 ||    21
       Throwing net      |       |       |       |       |     3 ||     3
 Cast: Ensorcelled Hiber |       |       |       |     1 |    71 ||    72
Invok: Shadow Step       |       |       |     7 |    10 |     9 ||    26
  Use: Potion            |       |     1 |     1 |    13 |     4 ||    19
       Scroll            |       |       |       |     6 |       ||     6
 Stab: Sleeping          |     1 |     4 |    11 |    19 |    18 ||    53
       Distracted        |       |     1 |       |     3 |     3 ||     7
       Petrifying        |       |       |       |     3 |       ||     3
       Petrified         |       |       |       |     1 |       ||     1
       Held in net/web   |       |       |       |       |     2 ||     2
  Eat: Bread ration      |       |       |       |     2 |     1 ||     3
